 Dungeon Crawl Stone Soup version 0.29-a0-323-g050149af67 (webtiles) character file.

Game seed: 14396488365436449768

81 Jortsu the Ducker (level 4, 0/39 (44) HPs)
             Began as a Troll Fighter on Apr 12, 2022.
             Succumbed to an adder's poison
             ... on level 3 of the Dungeon.
             The game lasted 00:03:26 (1958 turns).

Jortsu the Ducker (Troll Fighter)                   Turns: 1958, Time: 00:03:26

HP:   0/39 (44)     AC:  4    Str: 24    XL:     4   Next: 19%
MP:   3/3           EV:  9    Int:  4    God:
Gold: 73            SH:  7    Dex: 11    Spells: 3/3 levels left

rFire   . . .      SeeInvis .     - Unarmed
rCold   . . .      Faith    .   b - +0 kite shield
rNeg    . . .      Spirit   .   a - +0 robe
rPois   .          Reflect  .   k - +0 hat {Will+}
rElec   .          Harm     .   (no cloak)
rCorr   .          Rampage  .   (gloves unavailable)
Will    +....                   (boots unavailable)
Stlth   +.........              (no amulet)
HPRegen 0.93/turn               (no ring)
MPRegen 0.08/turn               (no ring)

@: lethally poisoned (0 -> -2), heavily drained
A: large, unfitting armour, claws 3, regeneration 1, shaggy fur 1, tough skin 1
a: no special abilities


You were on level 3 of the Dungeon.
You visited 1 branch of the dungeon, and saw 3 of its levels.

You collected 73 gold pieces.

Inventory:

Armour
 a - a +0 robe (worn)
 b - a +0 kite shield (worn)
 k - a +0 hat of willpower (worn)
Scrolls
 o - a scroll of teleportation
Potions
 c - 2 potions of might
 f - a potion of cancellation {unknown}
 g - a potion of curing
 h - a potion of heal wounds
 i - a potion of degeneration {unknown}
 j - a potion of mutation {unknown}


   Skills:
 + Level 2.7 Fighting
 + Level 3.0 Dodging
 + Level 0.2 Stealth
 + Level 2.9 Shields
 + Level 2.9 Unarmed Combat


You had 3 spell levels left.
You didn't know any spells.
Your spell library contained the following spells:

 Spells                   Type           Power      Damage    Failure   Level
 Apportation              Tloc           0%         N/A       80%         1
 Inner Flame              Hex/Fire       0%         N/A       99%         3
 Cause Fear               Hex            0%         N/A       100%        4
 Alistair's Intoxication  Tmut/Pois      0%         N/A       100%        5
 Discord                  Hex            0%         N/A       100%        8


Dungeon Overview and Level Annotations

Branches:
Dungeon (3/15)

Altars:


Innate Abilities, Weirdness & Mutations

You are too large for most types of armour.
You have claws for hands.
Your natural rate of healing is unusually fast.
You are covered in fur. (AC +1)
You have tough skin. (AC +1)


Message History

Deactivating autopickup; reactivate with Ctrl-A.
The orc hits you with a +0 whip. You block the adder's attack.
You claw something!
Reactivating autopickup.
You feel a bit more experienced. The adder bites you.
* * * LOW HITPOINT WARNING * * *
The orc wizard hits you with a +1 dagger of draining.
* * * LOW HITPOINT WARNING * * *
You feel drained. You block the orc's attack.
Your Dodging skill increases to level 3!
You have reached level 4!
You barely miss the orc wizard. The adder bites you.
* * * LOW HITPOINT WARNING * * *
You are poisoned.
The adder poisons you! You block the orc wizard's attack.
The orc hits you with a +0 whip.
* * * LOW HITPOINT WARNING * * *
The adder bites you but does no damage.
You closely miss the orc wizard.
You feel sick. You block the orc's attack.
The orc wizard gestures wildly while chanting.
The orc wizard flickers and vanishes!
Deactivating autopickup; reactivate with Ctrl-A.
You block the adder's attack. Something hits you but does no damage.
You feel drained. The orc barely misses you.
You miss something.
You feel sick. The adder bites you but does no damage.
Something hits you but does no damage.
You feel drained. The orc completely misses you.
The adder bites you but does no damage.
You miss something.
You feel sick. The adder bites you.
* * * LOW HITPOINT WARNING * * *
You are lethally poisoned!
The adder poisons you! The orc barely misses you. Something hits you.
* * * LOW HITPOINT WARNING * * *
You feel drained.
You miss something.
* * * LOW HITPOINT WARNING * * *
You feel sick. You block the adder's attack.
The orc hits you but does no damage. Something hits you but does no damage.
You feel drained.
You closely miss something.
You die...

###.#######
..........
.........
#......# .
#......#
..####......###
..?............
.......<.......
#...##S@o....##
.......{......#
....##.......##
... #.......#
.. #...)...# .
#.........
#.........
..........


You could see an adder and an orc.

Vanquished Creatures
  An orc wizard (D:3)
  An adder (D:2)
  A worm (D:2)
  A dart slug (D:1)
  2 endoplasms
  2 giant cockroaches (D:1)
  5 goblins
  6 hobgoblins
  2 quokkas (D:1)
  3 ball pythons
  5 bats
  4 frilled lizards
  4 kobolds
  3 rats
40 creatures vanquished.

Notes
Turn   | Place    | Note
-------+----------+-------------------------------------------
     0 | D:1      | Jortsu the Troll Fighter began the quest for the Orb.
     0 | D:1      | Reached XP level 1. HP: 22/22 MP: 0/0
   106 | D:1      | Reached XP level 2. HP: 29/29 MP: 1/1
   699 | D:1      | Reached XP level 3. HP: 36/36 MP: 2/2
  1953 | D:3      | Reached skill level 3 in Dodging
  1953 | D:3      | Reached XP level 4. HP: 9/43 MP: 3/3
  1956 | D:3      | HP: 2/41 [something (1)]
  1958 | D:3      | Succumbed to an adder's poison

Illustrated notes

Levels and vault maps discovered:
D:1:      mainiacjoe_arrival_reflecting_pool, layout_basic
D:2:      layout_basic
D:3:      layout_basic, lemuel_coloured_pillars_altar, trog_book,
          hellmonk_ecumenical_altar_dog_temple, minivault_24,
          skrybe_limestone_x, minmay_box_of_dots

Skill      XL: |  1  2  3 |
---------------+----------+-----
Dodging        | 3 |  3.0
Fighting       | |  2.7
Stealth        | |  0.2
Shields        | |  2.9
Unarmed Combat | |  2.9

Action                   |  1- 3 |  4- 6 || total
-------------------------+-------+-------++-------
Melee: Unarmed           |   109 |     6 ||   115
  Use: Scroll            |     8 |       ||     8
 Stab: Sleeping          |     2 |       ||     2
Armor: Robe              |    42 |     7 ||    49
Dodge: Dodged            |    55 |     3 ||    58
Block: Kite shield       |    37 |     4 ||    41

Table legend: (Time is in decaauts)
 A = Elapsed time spent in this place.
 B = Non-inter-level travel time spent in this place.
 C = Inter-level travel time spent in this place.
 D = Time resting spent in this place.
 E = Time spent auto-exploring this place.
 F = Levels seen in this place.
 G = Mean time per level.
                   A        B        C        D        E       F      G
               +--------+--------+--------+--------+--------+-----+--------+
         Total |   1968 |   1859 |    109 |    244 |   1239 |   3 |  656.0 |
       Dungeon |   1968 |   1859 |    109 |    244 |   1239 |   3 |  656.0 |
               +--------+--------+--------+--------+--------+-----+--------+

Top non-repeatable levels by time:
     D:2: 1186 daAuts
     D:1: 765 daAuts
     D:3: 15 daAuts
